 Dungeon Crawl Stone Soup version 0.22.0-49-gab54619 (webtiles) character file.

42 sbiou the Chiller (level 3, -8/27 HPs)
             Began as a Ghoul Ice Elementalist on Sept 7, 2018.
             Mangled by Crazy Yiuf
             ... wielding a +2 quarterstaff of chaos
              (15 damage)
             ... on level 2 of the Dungeon.
             The game lasted 00:08:12 (1450 turns).

sbiou the Chiller (Ghoul Ice Elementalist)          Turns: 1450, Time: 00:08:13

Health: -8/27      AC:  5    Str: 12    XL:     3   Next: 54%
Magic:  4/4        EV: 10    Int: 10    God:
Gold:   74         SH:  0    Dex:  9    Spells: 4/5 levels left

rFire    . . .     SeeInvis .     - Unarmed
rCold    + . .     Gourm    .   (no shield)
rNeg     + + +     Faith    .   f - +0 ring mail
rPois    ∞         Spirit   .   (no helmet)
rElec    .         Reflect  .   (no cloak)
rCorr    +         Harm     .   (no gloves)
MR       .....                  (no boots)
Stlth    +.........             (no amulet)
HPRegen  0.00/turn              j - ring of resist corrosion
MPRegen  0.09/turn              (no ring)

@: rotting, slowed, very slow
A: rotting body, claws 1, carnivore, cold resistance 1, negative energy
resistance 3, inhibited regeneration, torment resistance, unbreathing
a: no special abilities


You were on level 2 of the Dungeon.
You were not hungry.

You visited 1 branch of the dungeon, and saw 3 of its levels.

You collected 74 gold pieces.

Inventory:

Armour
 f - a +0 ring mail (worn)
Jewellery
 j - a ring of resist corrosion (left claw)
Scrolls
 a - a scroll of remove curse
 d - 2 scrolls of teleportation
 e - 4 scrolls of identify
 h - a scroll of amnesia {unknown}
Potions
 g - a potion of invisibility {unknown}
Comestibles
 c - 6 rations


   Skills:
 + Level 0.3 Fighting
 - Level 0.1 Armour
 - Level 2.0 Dodging
 - Level 2.2 Stealth
 + Level 1.3 Unarmed Combat
 - Level 1.9 Spellcasting
   Level 0.7 Conjurations
 + Level 4.1 Ice Magic


You had 4 spell levels left.
You knew the following spells:

 Your Spells              Type           Power        Failure   Level  Hunger
a - Freeze                Ice            #...         13%         1    ##.....

Your spell library contained the following spells:

 Spells                   Type           Power        Failure   Level  Hunger
 Throw Frost              Conj/Ice       #.....       36%         2    ###....
 Ozocubu's Armour         Chrm/Ice       #.......     67%         3    ####...
 Throw Icicle             Conj/Ice       #.......     95%         4    #####..
 Summon Ice Beast         Ice/Summ       #.......     97%         4    #####..


Dungeon Overview and Level Annotations

Branches:
Dungeon (3/15)

Altars:

Annotations:
D:2 Crazy Yiuf


Innate Abilities, Weirdness & Mutations

Your body is rotting away.
You thrive on raw meat.
You are immune to poison.
You have sharp fingernails.
You are carnivorous and can eat meat at any time.
Your flesh is cold resistant. (rC+)
You are immune to negative energy. (rN+++)
You do not regenerate when monsters are visible.
You are immune to unholy pain and torment.
You can survive without breathing.


Message History

This raw flesh tastes great!
You open the door.
Crazy Yiuf the Enlightened comes into view.
He is wielding a quarterstaff of Crazy Yiuf shouts!
Found a mace.
There is an open door here.
You scratch Crazy Yiuf but do no damage.
Crazy Yiuf hits you with a quarterstaff of chaos.
You closely miss Crazy Yiuf.
Crazy Yiuf hits you with a quarterstaff of chaos.
You scratch Crazy Yiuf but do no damage.
Crazy Yiuf says, "Orb bush King!"
Crazy Yiuf hits you with a quarterstaff of chaos.
You feel yourself slow down.
You completely miss Crazy Yiuf.
Crazy Yiuf hits you with a quarterstaff of chaos!
* * * LOW HITPOINT WARNING * * *
You are electrocuted!
Ouch! That really hurt!
You die...

####...##........#......###
#...##........#........#
#...###.......#......#.##
##### ################..#
##.# ########.# ####
###.#....#.# ## ###########
#...##..#.......# #P
..........#
#..g@.####......# #.
########### #)..###
##....## #. #### ###### #.
## # #


You could see Crazy Yiuf.

Vanquished Creatures
  An adder (D:2)
  A dart slug (D:1)
  2 leopard geckos
  A ball python (D:2)
  A giant cockroach (D:2)
  2 goblins (D:1)
  3 hobgoblins
  A kobold (D:1)
  4 bats
  12 frilled lizards
  4 rats
32 creatures vanquished.

Notes
Turn   | Place    | Note
-------+----------+-------------------------------------------
     0 | D:1      | sbiou the Ghoul Ice Elementalist began the quest for the
                  | Orb.
     0 | D:1      | Reached XP level 1. HP: 14/14 MP: 2/2
   422 | D:1      | Reached XP level 2. HP: 4/20 MP: 3/3
   986 | D:2      | Reached skill level 4 in Ice Magic
  1000 | D:2      | Reached XP level 3. HP: 15/26 MP: 4/4
  1258 | D:2      | Reached skill level 1 in Unarmed Combat
  1308 | D:2      | Found a runed door.
  1445 | D:2      | Noticed Crazy Yiuf
  1450 | D:2      | Mangled by Crazy Yiuf

Skill      XL: |  1  2  3 |
---------------+----------+-----
Dodging        | 2 |  2.0
Ice Magic      | 4 |  4.1
Unarmed Combat | 1 |  1.3
Fighting       | |  0.3
Armour         | |  0.1
Stealth        | |  2.2
Spellcasting   | |  1.9
Conjurations   | |  0.7

Action                   || total
-------------------------++-------
Melee: Unarmed           ||   140
       Club              ||    11
 Cast: Freeze            ||     1
  Use: Scroll            ||     4
       Potion            ||     2
 Stab: Sleeping          ||     5
  Eat: Chunk             ||    14
Armor: Robe              ||    11
       Ring mail         ||    48
Dodge: Dodged            ||   101
